[Event "Late-Titled-Tuesday-Blitz-January-30-2024"]
[Site "Chess.com"]
[Date "2024.01.30"]
[Round "4"]
[White "EsmeraldasAnderson03"]
[Black "yaguigor"]
[Result "1/2-1/2"]
[WhiteElo "2416"]
[BlackElo "2619"]
[TimeControl "180+1"]
[EndTime "14:39:32 PST"]
[Termination "Game drawn by repetition"]

1. d4 d5 2. c4 c6 3. cxd5 cxd5 4.
Nc3 Nf6 5. Nf3 Nc6 6. Bf4 Bf5 7. e3 e6 8. Bd3 Bxd3 9. Qxd3 Bd6 10. Bxd6 Qd7 11.
O-O Qxd6 12. Nb5 Qd7 13. a3 O-O 14. b4 Ne4 15. Nd2 Nxd2 16. Qxd2 a5 17. bxa5 Nxa5 18. Qb4 Rfc8 19. Rfc1 Nc4 20. h3 Rc6 21. Nc3 Rb6 22. Qc5 Ra5 23. Na4 Rxa4 24. Rxc4 Rc6 25. Qxc6 Qxc6 26.
Rxc6 bxc6 27. Kf1 Kf8 28. Ke2 Ke7 29. Kd3 Kd6 30. Kc3 c5 31. Kb3 Ra7 32. dxc5+ Kxc5 33. a4 d4 34. exd4+ Kxd4 35. Kb4 Rb7+ 36. Ka5 Rb2 37.
g4 Rxf2 38. Kb6 Rb2+ 39. Kc7 Rc2+ 40. Kd7 Rb2 41. Kc7 Rc2+ 42. Kd7 Rb2 43. a5 Rb7+ 44. Kc6 Ra7 45. Kb6 Ra8 46. Kb7 Rf8 47. Rc1 f5 48. gxf5 exf5 49. a6 f4 50. a7 f3 51. Rc8 Rf7+ 52.
Rc7 Rxc7+ 53. Kxc7 f2 54. a8=Q f1=Q 55. Qa4+ Ke5 56.
Qe8+ Kd4 57. Qd7+ Kc3 58. Qxg7+ Kb4 59. Qxh7 Qc4+ 60. Kd8 Qd5+ 61. Ke8 Qa8+ 62. Kf7 Qb7+ 63. Kg8 Qc8+ 64. Kg7 Qd7+ 65. Kg6 Qd3+ 66. Kg7 Qd7+ 67. Kh8 Qc8+ 68. Kg7 Qd7+ 1/2-1/2

[Event "Late-Titled-Tuesday-Blitz-January-30-2024"]
[Site "Chess.com"]
[Date "2024.01.30"]
[Round "4"]
[White "AndreyNeves"]
[Black "Jenia84"]
[Result "1-0"]
[WhiteElo "2079"]
[BlackElo "2263"]
[TimeControl "180+1"]
[EndTime "14:39:34 PST"]
[Termination "AndreyNeves won by resignation"]

1. d4 Nf6 2. c4 e6 3. Nf3 b6 4. g3 Bb7 5. Bg2 Be7 6. O-O O-O 7. Nc3 Ne4 8. Bd2 d6 9. Rc1 Nd7 10. Qc2 f5 11. Rfd1 Ndf6 12. e3 Rc8 13. Be1 Nxc3 14.
Bxc3 Ne4 15. b3 Bf6 16. Bb2 Qe7 17. Nd2 Nxd2 18. Bxb7 Rb8 19. Bg2 Ne4 20. Bxe4 fxe4 21. Qxe4 Qf7 22. f4 Rbe8 23. Re1 Qh5 24. Kg2 e5 25. dxe5 dxe5 26. f5 Bd8 27. g4 Qg5 28. Bxe5 h5 29. h3 Bf6 30. Bxf6 Qxf6 31. Qd5+ Kh7 32.
e4 Re5 33. Qd2 Rd8 34. Qf4 Rd4 35. g5 Qd6 36. g6+ Kg8 37. Re2 c5 38. Rf1 Qe7 39. Rfe1 a5 40. h4 Kf8 41. Qg5 Qd6 42. Qxh5 Ke7 43.
Qg5+ Kd7 44. h5 Kc7 45. h6 gxh6 46. Qxh6 Rd3 47. Qf4 Kc6 48. f6 Qe6 49. Re3 Rd2+ 50. R1e2 Rd1 51. f7 Qxg6+ 52. Rg3 Qh7 53. Rh3 Qg7+ 54. Qg3 Rg1+ 55. Kxg1 Rg5 56. Rg2 Rxg3 57. Rhxg3 Qxf7 58. Rg6+ Kb7 59. Rg7 1-0

[Event "Late-Titled-Tuesday-Blitz-January-30-2024"]
[Site "Chess.com"]
[Date "2024.01.30"]
[Round "4"]
[White "Arteler"]
[Black "GMKrikor"]
[Result "1-0"]
[WhiteElo "2578"]
[BlackElo "2798"]
[TimeControl "180+1"]
[EndTime "14:39:35 PST"]
[Termination "Arteler won on time"]

1. e4 e6 2. d4 d5 3. Nd2 c5 4.
exd5 Qxd5 5. Ngf3 cxd4 6. Bc4 Qd7 7. O-O Nc6 8. Nb3 a6 9. Nbxd4 Nxd4 10. Nxd4 Qc7 11. Bb3 Bd6 12. h3 Ne7 13. c3 O-O 14. Qh5 Qc5 15. Qxc5 Bxc5 16. Be3 Bd6 17. Rfd1 Bc7 18. a4 Rd8 19. Bc2 Nd5 20. Bd2 Bd7 21.
c4 Nf6 22. Bc3 a5 23. Nb5 Bxb5 24. axb5 b6 25. g4 Nd7 26. Be4 Rab8 27. Kg2 Nc5 28. Bc2 Bf4 29. Kf3 Bd6 30. b4 axb4 31. Bxb4 Kf8 32. Ra7 Be7 33. Rxd8+ Rxd8 34. Bc3 g6 35. Kg3 Rd7 36. Ra8+ Rd8 37. Ra7 Rc8 38. Be5 Ke8 39. Bd4 Nd7 40. Bd3 Bc5 41. Bc3 Bd6+ 42. f4 Nc5 43. Bc2 Rd8 44. Kf3 Be7 45. Ke3 Rc8 46. Bd4 Nd7 47. Be4 Kd8 48. Bc6 Nc5 49. Be5 f6 50. Bd4 f5 51. g5 Rb8 52. Be5 Rc8 53.
h4 Nb3 54. Rb7 Nc5 55. Rxb6 Ra8 56. Bxa8 Nd7 57. Rc6 1-0

[Event "Late-Titled-Tuesday-Blitz-January-30-2024"]
[Site "Chess.com"]
[Date "2024.01.30"]
[Round "4"]
[White "koncheto"]
[Black "Hui_Li_Macau"]
[Result "0-1"]
[WhiteElo "2504"]
[BlackElo "2340"]
[TimeControl "180+1"]
[EndTime "14:39:36 PST"]
[Termination "Hui_Li_Macau won by resignation"]

1. e4 e5 2. Nf3 Nf6 3. Nxe5 d6 4. Nf3 Nxe4 5. d4 d5 6. Bd3 Nc6 7. O-O Be7 8. c4 Nb4 9. Nc3 Nxc3 10. bxc3 Nxd3 11.
Qxd3 dxc4 12. Qxc4 O-O 13. Bf4 Be6 14. Qxc7 Qxc7 15.
Bxc7 Rac8 16. Be5 f6 17. Rfe1 fxe5 18. Rxe5 Kf7 19. Rae1 Rxc3 20. Rxe6 Bf6 21. Rd6 Rc7 22. h4 Re8 23. Ne5+ Bxe5 24. dxe5 Ree7 25. h5 Rc2 26. a4 Rc4 27. a5 Ra4 28. Rd5 Ke6 29. Rd6+ Kf7 30.
Rd5 Ke6 31. Rb5 Rc7 32. Reb1 h6 33. Rxb7 Rxb7 34. Rxb7 Rxa5 35. Rxg7 Kxe5 36. Rg6 Ra1+ 37. Kh2 Kf5 38. Rxh6 Kg5 39. Rh8 a5 40. Kh3 a4 41. f3 a3 42. g4 a2 43. Ra8 Rh1+ 44.
Kg2 a1=Q 45. Rxa1 Rxa1 46. Kg3 Ra3 47. Kg2 Ra2+ 48. Kg3 Ra3 49. Kg2 Kf4 50. h6 Ra6 51. g5 Kxg5 52. Kg3 0-1

[Event "Late-Titled-Tuesday-Blitz-January-30-2024"]
[Site "Chess.com"]
[Date "2024.01.30"]
[Round "4"]
[White "GAO"]
[Black "ChessBrainiacOnTwitch"]
[Result "0-1"]
[WhiteElo "2387"]
[BlackElo "2787"]
[TimeControl "180+1"]
[EndTime "14:39:37 PST"]
[Termination "ChessBrainiacOnTwitch won by checkmate"]

1. Nf3 Nf6 2. d4 e6 3. e3 b6 4. Bd3 Bb7 5. c3 Be7 6. O-O O-O 7. Nbd2 d5 8. Re1 Ne4 9. Bxe4 dxe4 10. Ne5 f6 11.
Nec4 f5 12. a4 a5 13. b3 Nd7 14. Ba3 Nf6 15. Ne5 Nd5 16. Qc2 Kh8 17. Ndc4 g5 18. Bxe7 Qxe7 19. Na3 c5 20. Nec4 Rac8 21. Nb5 f4 22. Qxe4 Rcd8 23. Qe5+ Nf6 24. Ncd6 Bc6 25. dxc5 bxc5 26. Rad1 fxe3 27. Rxe3 Qg7 28. Qxe6 Rfe8 29.
Qf5 Rxe3 30. fxe3 Rf8 31. Rf1 Nd7 32. Nf7+ Kg8 33. Qe6 Rxf7 34. Qxc6 Rxf1+ 35. Kxf1 Qf7+ 36. Kg1 Ne5 37. Qc8+ Kg7 38. Qxc5 Qf6 39. Qd4 Kf7 40. Nd6+ Ke6 41. Ne4 Qf5 42. Nc5+ Ke7 43. Qe4 Qf6 44. Nd3 Kd6 45. Qxe5+ Qxe5 46. Nxe5 Kxe5 47. Kf2 Ke4 48. Ke2 g4 49. b4 Kd5 50. bxa5 Kc5 51. Kd3 g3 52. Ke4 gxh2 53. a6 h1=Q 54. a7 Qxg2+ 55. Kf4 Qa8 56. e4 Kd6 57. e5+ Ke6 58. c4 Qxa7 59.
c5 Qxc5 60. Kg5 Qxe5+ 61. Kh6 Qg3 62. Kxh7 Kf7 63. Kh8 Qh4# 0-1

[Event "Late-Titled-Tuesday-Blitz-January-30-2024"]
[Site "Chess.com"]
[Date "2024.01.30"]
[Round "4"]
[White "Vladimir_2020"]
[Black "vugarrasulov"]
[Result "1-0"]
[WhiteElo "2761"]
[BlackElo "2942"]
[TimeControl "180+1"]
[EndTime "14:39:39 PST"]
[Termination "Vladimir_2020 won on time"]

1. Nf3 d5 2. g3 g6 3. Bg2 Bg7 4. d4 c6 5. O-O Nf6 6. c3 O-O 7. Re1 a5 8. Nbd2 Bf5 9. Nh4 Be6 10. e4 dxe4 11. Nxe4 Nxe4 12. Bxe4 Nd7 13. Bg2 a4 14. Rxe6 fxe6 15. Bh3 e5 16. Be6+ Kh8 17. Qg4 Rf6 18. Bxd7 exd4 19. Bg5 Rd6 20. Be6 Rxe6 21. Qxe6 a3 22.
bxa3 dxc3 23. Bxe7 Qd5 24. Qxd5 cxd5 25. Nf3 d4 26.
Ne1 Re8 27. Bb4 Re2 28. Rd1 Kg8 29. Kf1 Rxa2 30. Nd3 Kf7 31. Bc5 Ke6 32. Nb4 Rb2 33. Bxd4 Bxd4 34. Rxd4 c2 35. Nxc2 Rxc2 36. Rb4 Rc7 37.
Rb6+ Kd5 38. a4 Ke4 39. Kg2 Kf5 40. a5 Kg5 41. h4+ Kh6 42. Rb5 Kg7 43. g4 Rd7 44. f3 Kf6 45. Kg3 Rc7 46. Rb6+ Kg7 47. Kf4 Rc4+ 48.
Ke3 Rc7 49. Kd4 Kh6 50. Kd5 Rf7 51. Ke4 Re7+ 52. Kf4 Rf7+ 53. Kg3 Rc7 54. h5 Kg7 55. g5 gxh5 56. f4 Rc3+ 57. Kh4 Rc4 58. Kxh5 Rxf4 59. Rxb7+ Kg8 60. a6 1-0

[Event "Late-Titled-Tuesday-Blitz-January-30-2024"]
[Site "Chess.com"]
[Date "2024.01.30"]
[Round "4"]
[White "a-z30"]
[Black "farzadbfd"]
[Result "1-0"]
[WhiteElo "2527"]
[BlackElo "2668"]
[TimeControl "180+1"]
[EndTime "14:39:40 PST"]
[Termination "a-z30 won on time"]

1. d3 e5 2. Nf3 Nc6 3. g3 g6 4. Bg2 Bg7 5. O-O d6 6. c4 Be6 7.
Nc3 h6 8. Rb1 Qd7 9. Nd5 Nd8 10.
b4 c6 11. Ne3 Bh3 12. b5 Bxg2 13. Kxg2 c5 14. Nd5 Ne7 15. e4 Nxd5 16. cxd5 O-O 17.
Nd2 f5 18. Nc4 f4 19. f3 Nf7 20. gxf4 exf4 21. Bxf4 Qe7 22. Qd2 a6 23. bxa6 Rxa6 24. Rb5 Rfa8 25. a3 Be5 26. Bxh6 Qh4 27. f4 Qxh6 28.
fxe5 Qxd2+ 29. Nxd2 Nxe5 30. Rxb7 Rxa3 31. Nc4 Rxd3 32.
Nxe5 dxe5 33. Re7 Ra2+ 34. Rf2 Rdd2 35. Rxd2 Rxd2+ 36. Kg3 c4 37. Rxe5 c3 38. Re8+ Kf7 39. Rc8 c2 40. Kf4 Rxh2 41. Ke5 Rd2 42. Kd6 g5 43. e5 g4 44. e6+ Kf6 45. e7 Re2 46.
Rf8+ Kg7 47. Rc8 g3 48. Rxc2 Rxc2 49. e8=Q g2 50. Qe5+ Kf7 51. Qf5+ Kg7 52. Qxc2 g1=Q 53.
Qc3+ Kf7 54. Qc7+ Kf6 55. Qe7+ 1-0

[Event "Late-Titled-Tuesday-Blitz-January-30-2024"]
[Site "Chess.com"]
[Date "2024.01.30"]
[Round "4"]
[White "akanga001"]
[Black "norwaytoadog"]
[Result "0-1"]
[WhiteElo "1970"]
[BlackElo "2245"]
[TimeControl "180+1"]
[EndTime "14:39:40 PST"]
[Termination "norwaytoadog won by resignation"]

1. d4 d5 2. c4 c6 3. e3 Nf6 4.
Nc3 e6 5. Qc2 Nbd7 6. Nf3 Bd6 7.
Be2 dxc4 8. Bxc4 b5 9. Be2 O-O 10. O-O Bb7 11. b3 Qe7 12. Bb2 Rac8 13. Rac1 Bb8 14. Rfd1 c5 15. Bxb5 Bxf3 16. gxf3 cxd4 17. Rxd4 Nd5 18. Bxd7 Qxd7 19. e4 Qc7 20. exd5 Qxh2+ 21. Kf1 exd5 22. Ke2 Rfe8+ 23. Kd3 Qe5 24. Qd2 Qf5+ 25. Ne4 dxe4+ 26. fxe4 Qb5+ 27. Ke3 Qg5+ 28. Ke2 Qg4+ 29. f3 Qg2+ 30. Ke3 Qg5+ 31. Ke2 Rxc1 32. Bxc1 Qg2+ 33.
Ke3 Qg5+ 34. Kd3 Qb5+ 35. Kc2 Be5 36. Rd5 Rc8+ 37. Kb1 Qe8 38. Bb2 Bxb2 39. Kxb2 h6 40. Rd7 Qe6 41. Rd8+ Kh7 42. Rd5 Qf6+ 43. e5 Qxf3 44.
Qd3+ Qxd3 45. Rxd3 h5 46. Rd7 Kg6 47. Rd6+ Kf5 48. Rd7 Ke6 49. Rxa7 h4 50. Ra4 g5 51.
Rg4 Kf5 52. Rg1 h3 53. b4 g4 54. b5 h2 55. Rh1 g3 56. a4 g2 57. Rxh2 g1=Q 58. Rc2 Qd4+ 59. Kb3 Rxc2 60. Kxc2 Qxa4+ 0-1

[Event "Late-Titled-Tuesday-Blitz-January-30-2024"]
[Site "Chess.com"]
[Date "2024.01.30"]
[Round "4"]
[White "GP9isback23"]
[Black "topalovkramnik"]
[Result "0-1"]
[WhiteElo "2631"]
[BlackElo "2460"]
[TimeControl "180+1"]
[EndTime "14:39:42 PST"]
[Termination "topalovkramnik won by resignation"]

1. d4 d5 2. Nf3 Nf6 3. c4 e6 4. Nc3 Bb4 5. Bg5 h6 6. Bxf6 Qxf6 7. e3 O-O 8. Rc1 Nd7 9. a3 Bxc3+ 10. Rxc3 c6 11. Be2 dxc4 12. Rxc4 e5 13. O-O exd4 14.
Rxd4 Nc5 15. b4 Ne6 16. Rd2 Rd8 17. Rxd8+ Qxd8 18. Qc2 Qc7 19. Rd1 Bd7 20. Bc4 Rd8 21.
h3 Bc8 22. Bxe6 Bxe6 23. Rxd8+ Qxd8 24. Nd4 Bd5 25. Qf5 a5 26. Qe5 axb4 27. axb4 f6 28. Qg3 Qd7 29. Kh2 Kh7 30. Qf4 b6 31. Nf5 c5 32. bxc5 bxc5 33. Nd6 Qe6 34. e4 Bc6 35. f3 g6 36. Qd2 Qe5+ 37. f4 Qd4 38. Qxd4 cxd4 39.
Kg3 Kg7 40. Kf3 Kf8 41. Ke2 Ke7 42. Nc4 Bxe4 43. g3 Ke6 44. Nd2 Kd5 45. Kf2 f5 46. g4 Bd3 47. Kf3 Kc5 48. h4 Kb4 49. Kg3 Kc3 50. Nf3 Be4 51. Ne5 d3 52. Nxd3 Kxd3 53.
h5 gxh5 54. g5 hxg5 55. fxg5 f4+ 56. Kxf4 Bg6 57. Kg3 Ke4 58. Kh3 Kf4 59. Kh4 Kf5 60. Kh3 Kxg5 61. Kg3 h4+ 62. Kh3 Bf5+ 63. Kh2 Kg4 64. Kg2 h3+ 65. Kh2 Kh4 66. Kh1 Kg3 67. Kg1 h2+ 68. Kf1 h1=Q+ 0-1

[Event "Late-Titled-Tuesday-Blitz-January-30-2024"]
[Site "Chess.com"]
[Date "2024.01.30"]
[Round "4"]
[White "blitis"]
[Black "NowInChess"]
[Result "1-0"]
[WhiteElo "2623"]
[BlackElo "2307"]
[TimeControl "180+1"]
[EndTime "14:39:42 PST"]
[Termination "blitis won by checkmate"]

1. e4 e6 2. d4 d5 3. exd5 exd5 4.
Qf3 Nc6 5. c3 Nf6 6. h3 h6 7.
Bd3 Bd6 8. Ne2 O-O 9. O-O Re8 10. Ng3 Ne7 11. Bxh6 Ne4 12. Bf4 f5 13. Bxd6 Qxd6 14.
Rd1 Qf6 15. Nd2 Ng5 16. Qh5 g6 17. Qh4 Kg7 18. f4 Ne4 19. Qxf6+ Kxf6 20. Ngf1 Be6 21. Nf3 Nc6 22. Ne5 Nxe5 23. dxe5+ Ke7 24. Ne3 Ng3 25. c4 d4 26. Nd5+ Bxd5 27. cxd5 Nh5 28. Rf1 Red8 29. Bc4 a6 30. a4 b5 31. axb5 axb5 32. Rxa8 Rxa8 33. Bxb5 Rb8 34. Be2 Ng3 35. Re1 Rxb2 36. Bf3 Nh5 37. Rd1 Nxf4 38. Rxd4 Ne2+ 39.
Bxe2 Rxe2 40. d6+ cxd6 41. exd6+ Kd7 42. Kh2 Re6 43. Kg3 Rxd6 44. Ra4 Ke6 45. Kf4 Kf6 46. h4 Rc6 47. g3 Re6 48. Rd4 Rc6 49. Kf3 Rb6 50. Rd8 Rb3+ 51. Kg2 Rb6 52. Kh3 Re6 53. Rf8+ Kg7 54. Ra8 Rf6 55. Ra7+ Kh6 56. Kg2 Re6 57. Kf3 Re4 58. Rf7 Rg4 59. Rf6 Kh5 60. Rf8 f4 61.
Rh8# 1-0

[Event "Late-Titled-Tuesday-Blitz-January-30-2024"]
[Site "Chess.com"]
[Date "2024.01.30"]
[Round "4"]
[White "JulAnt"]
[Black "KorolDimitriy75"]
[Result "1-0"]
[WhiteElo "2540"]
[BlackElo "2369"]
[TimeControl "180+1"]
[EndTime "14:39:42 PST"]
[Termination "JulAnt won on time"]

1. d4 Nf6 2. c4 c5 3. d5 b5 4.
cxb5 a6 5. e3 axb5 6. Bxb5 Qa5+ 7. Nc3 Bb7 8. Bd2 Qb6 9. a4 Nxd5 10. Nf3 e6 11. O-O Nb4 12. e4 Be7 13. Bf4 O-O 14.
Bxb8 Rfxb8 15. Qxd7 Bf6 16. Qd2 Rd8 17. Qe2 Nc6 18.
e5 Be7 19. Rfd1 Nd4 20. Nxd4 cxd4 21. Ne4 Rd5 22. Nd2 Bb4 23. Nf3 Rad8 24. Bd3 Qa5 25.
Be4 Ba6 26. Qc2 d3 27. Qb3 R5d7 28. Bc6 Rc7 29. Bb5 Bxb5 30. axb5 Qxb5 31. Ra4 Rc4 32.
h3 h6 33. Kh2 Re4 34. Ra7 d2 35. Qc2 Qd5 36. Qc7 Rf4 37. Qb7 h5 38. Qxd5 Rxd5 39. Ra4 g6 40. b3 Re4 41. Nxd2 Red4 42. Nc4 Rxd1 43. Rxb4 Rb1 44. Rb8+ Kg7 45. Rb7 Rd3 46. Nd6 Rd5 47. Rxf7+ Kh6 48. f4 Rxb3 49. Rf6 Rd2 50. Rxe6 Rbb2 51. Kg3 Rxg2+ 52. Kf3 Rbf2+ 53. Ke4 Re2+ 54. Kd5 Rgf2 55. Rf6 Kg7 56. Ke6 Re3 57. Ne8+ Kg8 58. Rxg6+ Kf8 59. Nf6 1-0

[Event "Late-Titled-Tuesday-Blitz-January-30-2024"]
[Site "Chess.com"]
[Date "2024.01.30"]
[Round "4"]
[White "Flawless_Fighter"]
[Black "Onthequiet"]
[Result "0-1"]
[WhiteElo "2771"]
[BlackElo "2438"]
[TimeControl "180+1"]
[EndTime "14:39:43 PST"]
[Termination "Onthequiet won on time"]

1. e4 c6 2. d4 d5 3. exd5 cxd5 4. Bd3 Nf6 5. c3 Nc6 6. Bf4 g6 7. Nd2 Bg7 8. Ngf3 O-O 9. O-O Bf5 10. Bxf5 gxf5 11.
Ne5 Rc8 12. Re1 e6 13. Nxc6 Rxc6 14. Be5 Ne4 15. Bxg7 Kxg7 16. f3 Nxd2 17. Qxd2 Qh4 18. Qf2 Qxf2+ 19. Kxf2 b5 20. a3 a5 21. f4 Rb8 22.
Re3 b4 23. axb4 axb4 24. Rae1 bxc3 25. bxc3 Rb3 26. Rg3+ Kf6 27. Ree3 Rb2+ 28. Kg1 Ra6 29. h3 Rc2 30. Kh2 Ra1 31. Rg8 Rac1 32. Rc8 h5 33. h4 Rd1 34. Rg8 Rdc1 35. Rc8 Rf1 36. Rh8 Rxf4 37. Rh6+ Kg7 38. Rxh5 Kf6 39. Rh6+ Ke7 40. Rg3 Rf1 41. Rg7 Rff2 42. Rhh7 Kd6 43. h5 f4 44. Kh3 Rxc3+ 45. Kh4 Rc7 46. h6 f3 47. gxf3 Rxf3 48. Kg5 Rd3 49. Rh8 Rxd4 50. h7 Ke5 51. Rf8 Rc1 52.
Rgxf7 Rg1+ 53. Kh5 Rh1+ 54. Kg5 Rdh4 0-1

[Event "Late-Titled-Tuesday-Blitz-January-30-2024"]
[Site "Chess.com"]
[Date "2024.01.30"]
[Round "4"]
[White "melissa_guez"]
[Black "PattyCastillo"]
[Result "1-0"]
[WhiteElo "2249"]
[BlackElo "1986"]
[TimeControl "180+1"]
[EndTime "14:39:44 PST"]
[Termination "melissa_guez won by resignation"]

1. e4 c5 2. Nf3 d6 3. d4 cxd4 4. Nxd4 Nf6 5. Nc3 a6 6. Bc4 e6 7. Bb3 Nbd7 8. f4 Nc5 9. Qf3 Be7 10. f5 e5 11. Nde2 Nxb3 12. axb3 b5 13. Nxb5 Bb7 14. Nbc3 d5 15. exd5 Nxd5 16. Nxd5 Bxd5 17. Qf2 Bh4 18. Ng3 O-O 19. O-O Qc8 20. f6 Qg4 21. fxg7 Rfc8 22. c4 Be6 23. Qf3 Bxg3 24. Qxg4 Bxh2+ 25. Kxh2 Bxg4 26. Bh6 Rc6 27. Bg5 Rg6 28. Bh4 Rxg7 29. Bf6 Rg6 30.
Bxe5 Re8 31. Rae1 Be6 32. Bc3 Rd8 33. Rd1 Rc8 34. Rd6 h5 35. Rfd1 Kh7 36. Rd8 Rxd8 37.
Rxd8 Rg4 38. Rh8+ Kg6 39. Rg8+ Kf5 40. Ra8 Rh4+ 41. Kg1 Re4 42. Rxa6 Re2 43. Kf1 Rc2 44. Ra5+ Kg6 45. Re5 Rc1+ 46. Re1 Rc2 47. Re2 Rc1+ 48. Kf2 Bg4 49. Rd2 Rh1 50. b4 Rc1 51. b5 h4 52. b6 h3 53. gxh3 Bc8 54. c5 Bb7 55.
Rd7 Bc6 56. Rd6+ 1-0

[Event "Late-Titled-Tuesday-Blitz-January-30-2024"]
[Site "Chess.com"]
[Date "2024.01.30"]
[Round "4"]
[White "VladimirKramnik"]
[Black "arctic_t00"]
[Result "1/2-1/2"]
[WhiteElo "2931"]
[BlackElo "2709"]
[TimeControl "180+1"]
[EndTime "14:39:45 PST"]
[Termination "Game drawn by repetition"]

1. e4 c5 2. Nf3 d6 3. d4 cxd4 4. Nxd4 Nf6 5. Nc3 a6 6. Bc4 e6 7. Be3 Nc6 8. Qe2 Bd7 9. Bb3 Na5 10. f4 b5 11. e5 Nxb3 12. axb3 dxe5 13. fxe5 Nd5 14.
Nxd5 exd5 15. O-O Be7 16. e6 Bxe6 17. Nxe6 fxe6 18. Qh5+ Kd7 19. Rf7 Qe8 20. Bg5 g6 21. Qf3 Rf8 22. Rf1 Rxf7 23. Qxf7 Qxf7 24. Rxf7 Re8 25. Rxh7 Kd6 26. Bd2 Bf6 27. c3 b4 28.
Ra7 bxc3 29. Rxa6+ Kd7 30. bxc3 Rc8 31. Ra7+ Kd6 32.
Bf4+ e5 33. Ra6+ Ke7 34. Bd2 e4 35. Ra7+ Ke6 36. Ra6+ Ke7 37. c4 dxc4 38. bxc4 Rxc4 39. Kf2 Rc2 40. Ke1 Be5 41. g3 Kf7 42. Ra4 e3 43. Bxe3 Rxh2 44. g4 Rg2 45. Kf1 Rc2 46. Re4 Bf6 47.
g5 Bb2 48. Bf2 Rc1+ 49. Kg2 Rc2 50. Kf3 Ba3 51. Be3 Bc5 52. Bf4 Be7 53. Kg4 Ra2 54. Rc4 Rb2 55. Rc7 Ke6 56. Rc6+ Kf7 57. Kf3 Rb3+ 58.
Kg4 Rb2 59. Rc3 Ra2 60. Kf3 Rb2 61. Kg4 Ra2 62. Kf3 Rb2 63. Kg4 1/2-1/2

[Event "Late-Titled-Tuesday-Blitz-January-30-2024"]
[Site "Chess.com"]
[Date "2024.01.30"]
[Round "4"]
[White "JCVanDamme10"]
[Black "PawnEatingZombie"]
[Result "0-1"]
[WhiteElo "2305"]
[BlackElo "2155"]
[TimeControl "180+1"]
[EndTime "14:39:46 PST"]
[Termination "PawnEatingZombie won on time"]

1. e4 e6 2. d4 d5 3. e5 c5 4. c3 Nc6 5. Nf3 Nge7 6. Bd3 cxd4 7. cxd4 Nf5 8. Bxf5 exf5 9. O-O Be7 10. Nc3 Be6 11. Re1 Qd7 12. Ng5 h6 13. Nxe6 fxe6 14. Qh5+ Kf8 15. Be3 a6 16. Rac1 Qe8 17. Qf3 Kg8 18. Na4 Kh7 19. Nb6 Rd8 20. Qe2 Rf8 21.
Qd3 Qg6 22. f4 Qh5 23. Rf1 g5 24. fxg5 hxg5 25. Rf3 g4 26. Rff1 Rh8 27. Bf4 Kg6 28.
Rc3 Bg5 29. h3 gxh3 30. Qxh3 Qxh3 31. Rxh3 Rxh3 32. gxh3 Nxd4 33. Bxg5 Kxg5 34. Kf2 Nc6 35. Rg1+ Kh6 36. Re1 Kg6 37. Kf3 Kf7 38. Kf4 Rh8 39.
Nd7 Rxh3 40. Nc5 Rh4+ 41. Kg3 Rb4 42. b3 a5 43. Rh1 Nxe5 44. Rh7+ Kf6 45. Rh6+ Ng6 46.
Nxe6 Kxe6 47. Rxg6+ Ke5 48. Rh6 Rg4+ 49. Kf3 Rf4+ 50.
Ke3 d4+ 51. Ke2 Rg4 52. Kf3 d3 53. Rb6 Rd4 54. Rb5+ Rd5 55. Rxd5+ Kxd5 56. Ke3 f4+ 57. Kxd3 b5 58. a3 b4 0-1

[Event "Late-Titled-Tuesday-Blitz-January-30-2024"]
[Site "Chess.com"]
[Date "2024.01.30"]
[Round "4"]
[White "AlexeiShirov"]
[Black "BogdanDeac"]
[Result "1-0"]
[WhiteElo "2772"]
[BlackElo "3041"]
[TimeControl "180+1"]
[EndTime "14:39:47 PST"]
[Termination "AlexeiShirov won by resignation"]

1. e4 c6 2. d4 d5 3. e5 Bf5 4. h4 h5 5. Bd3 Bxd3 6. Qxd3 e6 7.
Nf3 Nh6 8. Bg5 Be7 9. Nbd2 Nf5 10. c3 Nd7 11. g3 c5 12. O-O cxd4 13. Bxe7 Qxe7 14. Nxd4 Nxe5 15. Qb5+ Qd7 16. Nxf5 exf5 17. Qe2 Qe6 18. Rae1 f6 19. f4 Qb6+ 20. Kh2 Qxb2 21.
fxe5 O-O-O 22. e6 Rhe8 23. Rxf5 Rd6 24. Nb3 Qxe2+ 25. Rxe2 Rdxe6 26. Rxe6 Rxe6 27. Rxh5 Re2+ 28. Kh3 Rxa2 29. Rxd5 b6 30. Nd4 Rd2 31. Rb5 Kb7 32. Ne6 Rd7 33. h5 Re7 34. Nd4 Rc7 35. Rb3 a5 36.
Kg4 Ka6 37. Ne6 Re7 38. Kf5 b5 39. g4 Kb6 40. Rb1 Ka6 41. Nxg7 Rxg7 42. h6 Rg5+ 43. Kxf6 Rxg4 44. Rh1 Rg8 45. h7 Rh8 46. Kg7 Rxh7+ 47. Kxh7 b4 48. cxb4 axb4 49. Kg6 Kb5 50. Kf5 Kc4 51.
Ke4 b3 52. Rc1+ Kb4 53. Kd3 Ka3 54. Rh1 Kb2 55. Kd2 Ka2 56. Kc3 b2 57. Kc2 1-0

[Event "Late-Titled-Tuesday-Blitz-January-30-2024"]
[Site "Chess.com"]
[Date "2024.01.30"]
[Round "4"]
[White "pr1105"]
[Black "djano"]
[Result "1-0"]
[WhiteElo "2441"]
[BlackElo "2626"]
[TimeControl "180+1"]
[EndTime "14:39:48 PST"]
[Termination "pr1105 won by resignation"]

1. e4 c5 2. Nf3 Nc6 3. Bb5 e5 4. O-O Nge7 5. c3 g6 6. d4 cxd4 7. cxd4 exd4 8. Bf4 Bg7 9. Bd6 O-O 10. Nbd2 a6 11.
Bd3 b5 12. a4 bxa4 13. Rxa4 Bb7 14. Nc4 Re8 15. Ba3 Nc8 16. e5 a5 17. Re1 Nb4 18. Bxb4 axb4 19. Rxb4 Bd5 20. Be4 Bxe4 21. Rxe4 Qe7 22. Rb7 Qc5 23. Rxd4 d5 24. Ne3 Ne7 25. h3 Rad8 26. b4 Qc6 27. Ra7 Nc8 28. Ra5 Nb6 29. Nxd5 Rb8 30. Nxb6 Qxb6 31. Rad5 Qe6 32. Rd6 Qf5 33.
R6d5 Qe6 34. b5 Bf8 35. Qb3 h6 36. Qd3 Rec8 37. Rc4 Re8 38. Rc6 Qe7 39. Rd7 Qb4 40.
Rcc7 Qxb5 41. Qxb5 Rxb5 42. Rxf7 Rb1+ 43. Kh2 Rb2 44.
Kg3 Rb3 45. h4 Rxe5 46. Rf6 Rh5 47. Rc8 Rf5 48. Rcxf8+ Kg7 49. Rxf5 gxf5 50. Rxf5 Kg6 51. Rf4 Rc3 52. Rg4+ Kh7 53. Rf4 Rc5 54. Re4 Rc1 55.
Re5 Kg6 56. h5+ Kf6 57. Re4 Ra1 58. Rf4+ Kg7 59. Kg4 Rf1 60. g3 Rb1 61. Nh4 Rb5 62. Nf5+ Kf6 63. f3 Rb1 64. Nxh6+ Kg7 65. Nf5+ Kf6 66.
Nh4+ Kg7 67. Re4 Kh6 68. f4 Rb2 69. Nf5+ Kh7 70. h6 Kg6 71. Re6+ Kf7 72. Re7+ Kf6 73. h7 Rb8 74. Ra7 Kg6 75. Nh4+ Kh6 76. Nf3 Rh8 77. Ng5 Kg6 78. Nf7 Rxh7 79. Ne5+ Kf6 80.
Rxh7 1-0

[Event "Late-Titled-Tuesday-Blitz-January-30-2024"]
[Site "Chess.com"]
[Date "2024.01.30"]
[Round "4"]
[White "shirovin"]
[Black "BestestBP"]
[Result "0-1"]
[WhiteElo "2043"]
[BlackElo "2262"]
[TimeControl "180+1"]
[EndTime "14:39:48 PST"]
[Termination "BestestBP won on time"]

1. e4 e5 2. Nf3 Nc6 3. Bc4 Nf6 4. Ng5 d5 5. exd5 Na5 6. Bb5+ c6 7. dxc6 bxc6 8. Bd3 h6 9. Ne4 Nd5 10. O-O Nf4 11.
Nbc3 Nxd3 12. cxd3 Be7 13. b3 O-O 14. Bb2 Qxd3 15. Qe2 Rd8 16. Qxd3 Rxd3 17. Rfe1 f6 18. Re3 Rd8 19. Na4 Bf5 20. Bc3 Nb7 21. Ng3 Bg6 22. f4 Nc5 23. fxe5 Nxa4 24. bxa4 Bc5 25.
d4 Rxd4 26. Bxd4 Bxd4 27. Re1 fxe5 28. Kf1 Bxe3 29. Rxe3 Rf8+ 30. Ke1 Rf4 31. Rc3 Rxa4 32. Rxc6 Kh7 33. Re6 Rxa2 34. Rxe5 Rxg2 35. Re2 Rxe2+ 36. Nxe2 a5 37. Nd4 a4 38. Kd2 a3 39. Kc3 a2 40. Kb2 Bf7 41. Nc2 Kg6 42. Nb4 Kg5 43. Nc6 Kh4 44. Ne5 Bd5 45. Ng6+ Kg5 46. Ne7 Bf7 47.
Nc6 Kh4 48. Ne5 Be6 49. Ng6+ Kg5 50. Ne5 h5 51. Nf3+ Kf4 52. Nh4 g5 53. Ng6+ Ke3 54.
Nf8 Bf7 55. Nd7 Kf2 56. Nf6 Kg2 57. Nh7 g4 58. Ng5 Bd5 59. Nh7 Kxh2 60. Nf6 Bf7 61. Ne4 g3 62. Ka1 g2 63. Ng5 g1=Q+ 0-1

[Event "Late-Titled-Tuesday-Blitz-January-30-2024"]
[Site "Chess.com"]
[Date "2024.01.30"]
[Round "4"]
[White "WindWhistler11"]
[Black "Chemim21"]
[Result "1-0"]
[WhiteElo "2477"]
[BlackElo "2241"]
[TimeControl "180+1"]
[EndTime "14:39:50 PST"]
[Termination "WindWhistler11 won on time"]

1. Nf3 e6 2. g3 d5 3. d3 Nf6 4. Nbd2 Nbd7 5. e4 b6 6. Bg2 Bb7 7. e5 Ng8 8. Qe2 c5 9. a4 a6 10. c3 Qc7 11. Nf1 Ne7 12. h4 h6 13.
h5 Nc6 14. Bf4 Be7 15. N1h2 O-O-O 16. O-O Rdf8 17. b4 cxb4 18. cxb4 Bxb4 19. Rfc1 Kb8 20.
Ng4 a5 21. Qb2 Rc8 22. Nd4 Qd8 23. Nb5 Nc5 24. Bf1 d4 25. Nd6 Qd7 26. Nxb7 Kxb7 27. Rd1 Qd5 28. Bg2 Qb3 29. Qe2 Ka7 30. Nh2 Nxa4 31. Rxa4 Qxa4 32. Be4 Bc3 33. Rb1 Nb4 34. Qg4 Rhg8 35. Nf3 Qc2 36. Rc1 Qe2 37. Nh2 Qxg4 38. Nxg4 Bb2 39. Rd1 Rc2 40. Nh2 Rgc8 41. Nf3 Na2 42.
Kg2 Nc3 43. Re1 Nxe4 44. Rxe4 a4 45. Nxd4 Bxd4 46. Rxd4 b5 47. Be3 Ka6 48. Rd7 Ka5 49. Rxf7 a3 50. Ra7+ Kb4 51. Bd4 Kb3 52. Bb6 b4 53.
Bd4 a2 54. Kf3 Rd8 55. Bc5 Rxd3+ 56. Kg4 Rdc3 57. Bd6 Rc6 58. f4 Rd2 59. Rb7 Rdxd6 60. exd6 Rxd6 61. Rxb4+ Kxb4 62. f5 1-0